 Dungeon Crawl Stone Soup version 0.30.1-3-gfc49f6343a (webtiles) character file.

Game seed: 5121097282791704363

2156 monsoonserge the Cleaver (level 9, -4/78 HPs)
             Began as a Hill Orc Fighter on Aug 5, 2023.
             Was a Believer of Qazlal.
             Killed from afar by an electric eel (10 damage)
             ... with a bolt of electricity
             ... on level 7 of the Dungeon.
             The game lasted 00:11:09 (4804 turns).

monsoonserge the Cleaver (Hill Orc Fighter)         Turns: 4804, Time: 00:11:10

Health: -4/78      AC:  9    Str: 29    XL:     9   Next: 31%
Magic:  6/9        EV: 10    Int:  8    God:    Qazlal [**....]
Gold:   268        SH: 13    Dex: 10    Spells: 8/8 levels left

rFire   . . .        a - +0 war axe
rCold   . . .        J - +2 kite shield
rNeg    . . .        b - +0 scale mail
rPois   .            (no helmet)
rElec   .            (no cloak)
rCorr   .            L - +0 pair of gloves
SInv    .            (no boots)
Will    .....        (no amulet) Stlth
                     l - +4 ring of slaying
HPRegen 0.33/turn    C - +6 ring of strength
MPRegen 0.11/turn

%: no passive effects
@: no status effects
A: no striking features
a: Renounce Religion, Upheaval


You were on level 7 of the Dungeon.
You worshipped Qazlal.
Qazlal was pleased with you.
You visited 2 branches of the dungeon, and saw 8 of its levels.

You collected 348 gold pieces.
You spent 80 gold pieces at shops.

Inventory:

Hand Weapons
 a - a +0 war axe (weapon)
Missiles
 B - 2 silver boomerangs (quivered)
 F - 4 javelins
 H - 4 poisoned darts
Armour
 b - a +0 scale mail (worn)
 J - a +2 kite shield (worn)
 L - a +0 pair of gloves (worn)
Jewellery
 l - a +4 ring of slaying (left hand)
 y - a ring of protection from cold
 C - a +6 ring of strength (right hand)
 E - a ring of see invisible
Wands
 r - a wand of polymorph (10)
 K - a wand of charming (11)
 M - a wand of iceblast (6)
Scrolls
 d - a scroll of poison {unknown}
 e - 6 scrolls of identify {unknown}
 f - a scroll of brand weapon {unknown}
 g - 4 scrolls of teleportation
 h - 2 scrolls of magic mapping {unknown}
 i - 3 scrolls of enchant armour {unknown}
 j - 2 scrolls of blinking {unknown}
 q - 2 scrolls of amnesia {unknown}
 t - a scroll of acquirement {unknown}
 x - a scroll of fog {unknown}
 D - a scroll of enchant weapon {unknown}
 G - a scroll of silence {unknown}
Potions
 k - a potion of invisibility {unknown}
 m - 2 potions of magic {unknown}
 n - a potion of lignification {unknown}
 o - a potion of mutation {unknown}
 p - 4 potions of attraction {unknown}
 s - a potion of ambrosia {unknown}
 u - 2 potions of cancellation {unknown}
 v - 3 potions of heal wounds
 w - a potion of berserk rage {unknown}
 z - 2 potions of degeneration {unknown}
 A - 2 potions of curing {unknown}
 I - a potion of might


   Skills:
 + Level 6.6 Fighting
 + Level 10.8 Axes
 + Level 1.0 Throwing
 + Level 7.9 Armour
 - Level 2.0 Dodging
 + Level 4.2 Shields


You had 8 spell levels left.
You didn't know any spells.
Your spell library contained the following spells:

 Spells                   Type           Power      Damage    Failure   Level
 Ensorcelled Hibernation  Hex/Ice        0%         N/A       94%         2
 Inner Flame              Hex/Fire       0%         N/A       99%         3
 Portal Projectile        Hex/Tloc       0%         N/A       99%         3
 Spider Form              Tmut/Pois      0%         N/A       99%         3
 Tukima's Dance           Hex            0%         N/A       99%         3
 Vhi's Electric Charge    Tloc/Air       0%         N/A       99%         3
 Anguish                  Hex/Necr       0%         N/A       100%        4
 Flame Wave               Conj/Fire      0%         2d4       100%        4
 Leda's Liquefaction      Hex/Erth       0%         N/A       100%        4
 Passage of Golubria      Tloc           0%         N/A       100%        4
 Sticky Flame             Conj/Fire      0%         2d3       100%        4
 Arcjolt                  Conj/Air       0%         1d10      100%        5
 Blade Hands              Tmut           0%         N/A       100%        5
 Lee's Rapid Deconstruct  Erth           0%         3d4*      100%        5
 Yara's Violent Unravell  Hex/Tmut       0%         3d3       100%        5
 Plasma Beam              Fire/Air       0%         2x1d11    100%        6
 Statue Form              Tmut/Erth      0%         N/A       100%        6


Dungeon Overview and Level Annotations

Branches:
Dungeon (7/15)             Temple (1/1) D:5

Altars:
Dithmenos
Elyvilon
Fedhas
Kikubaaqudgha
Makhleb
Okawaru
Qazlal
Ru
Sif Muna
Trog
Uskayaw
Vehumet
Wu Jian
Yredelemnul
The Shining One

Shops:
D:1 *[*?!


Message History

The electric eel shoots out a bolt of lightning at you!
The bolt of electricity hits you!
An electric eel comes into view.
The electric eel shoots out a bolt of lightning at you!
The bolt of electricity hits you!
The electric eel shoots out a bolt of lightning at you!
The bolt of electricity hits the electric eel.
The electric eel completely resists.
The bolt of electricity hits you! x2
The electric eel shoots out a bolt of lightning at you!
The bolt of electricity hits you!
You barely miss the electric eel. You hit the electric eel.
The electric eel is moderately wounded.
The electric eel shoots out a bolt of lightning at you!
The bolt of electricity misses the electric eel.
The bolt of electricity hits you! The bolt of electricity misses you.
You closely miss the electric eel.
The electric eel is moderately wounded.
The electric eel shoots out a bolt of lightning at you!
The bolt of electricity hits the electric eel.
The electric eel completely resists.
The bolt of electricity hits you.
* * * LOW HITPOINT WARNING * * *
The bolt of electricity misses you.
The electric eel shoots out a bolt of lightning at you!
The bolt of electricity hits you.
* * * LOW HITPOINT WARNING * * *
Aiming: Charm
Press: ? - help, Shift-Dir - straight line, f - electric eel
Aim: an electric eel (moderately wounded, chance to affect: 57%)
Okay, then.
Okay, then.
Aiming: Upheaval
Press: ? - help, Dir - move target The ground shakes violently, spewing rubble!
The electric eel shoots out a bolt of lightning at you!
The bolt of electricity hits the electric eel.
The electric eel completely resists.
The bolt of electricity hits you!
* * * LOW HITPOINT WARNING * * *
The bolt of electricity hits you!
You die...

~♣ ♣ ~~P♣♣# .#
~~~P~~###.#
P~~~S~S...#
~~~P~♣@##
........§##########
~~≈~≈~~...........#
≈≈≈≈≈~~~#########<#
≈≈≈≈~~P~# #.#
♣≈≈~~~P~# #.#
♣~≈~~~~~# #.#
♣~~~~PP♣# #.#
♣♣♣P~~ #.#


You could see 2 electric eels.

Vanquished Creatures
  Pikel (D:3)
  Sigmund (D:6)
  Duvessa (D:6)
  An orc warrior (D:7)
  2 black bears (D:6)
  2 ogres
  2 phantoms
  Blork the orc (D:4)
  2 scorpions
  Dowan (D:6)
  A howler monkey (D:6)
  An electric eel (D:7)
  A jelly (D:6)
  A gnoll bouda (D:5)
  An orc priest (D:5)
  3 hounds
  Jessica (D:2)
  A sleepcap (D:6)
  Natasha (thrice) (D:4)
  2 orc wizards
  9 gnolls
  5 adders
  A shadow imp (D:5)
  A white imp (D:6)
  An ufetubus (D:5)
  A dart slug (D:5)
  A worm (D:4)
  8 orcs
  6 ball pythons
  2 bats (D:2)
  4 endoplasms (D:4)
  A giant cockroach (D:3)
  5 goblins
  4 hobgoblins
  4 jackals (D:2)
  4 quokkas
  A frilled lizard (D:3)
  5 kobolds
  3 rats
95 creatures vanquished.

Notes
Turn   | Place    | Note
-------+----------+-------------------------------------------
     0 | D:1      | monsoonserge the Hill Orc Fighter began the quest for the
                  | Orb.
     0 | D:1      | Reached XP level 1. HP: 19/19 MP: 1/1
   169 | D:1      | Found Qulit's Assorted Antiques.
   169 | D:1      | Found Goinnubb's Assorted Antiques.
   176 | D:1      | Found Ynie's Armour Emporium.
   244 | D:1      | Found Petualun's Magic Scroll Emporium.
   261 | D:1      | Bought a scroll of teleportation for 30 gold pieces
   368 | D:1      | Reached XP level 2. HP: 27/27 MP: 2/2
   413 | D:1      | Found Loinwaur's Distillery.
   532 | D:2      | Reached skill level 3 in Axes
   763 | D:2      | Reached XP level 3. HP: 32/33 MP: 3/3
   997 | D:2      | Noticed Jessica
   999 | D:2      | Killed Jessica
  1002 | D:2      | Found a stormy altar of Qazlal.
  1012 | D:2      | Became a worshipper of Qazlal Stormbringer
  1076 | D:1      | Bought a potion of heal wounds for 50 gold pieces
  1299 | D:3      | Reached XP level 4. HP: 33/40 MP: 4/4
  1737 | D:4      | Noticed Blork the orc
  1743 | D:4      | Noticed Pikel
  1743 | D:4      | Noticed a lemure
  1743 | D:4      | Noticed a lemure
  1743 | D:4      | Noticed a lemure
  1743 | D:4      | Noticed a lemure
  1753 | D:3      | Killed Pikel
  1754 | D:3      | Reached skill level 5 in Fighting
  1754 | D:3      | Reached skill level 6 in Axes
  1754 | D:3      | Reached skill level 5 in Armour
  1754 | D:3      | Reached skill level 1 in Dodging
  1754 | D:3      | Reached XP level 5. HP: 24/48 MP: 5/5
  1754 | D:3      | Reached XP level 6. HP: 28/56 MP: 6/6
  1754 | D:3      | Reached XP level 7. HP: 31/61 MP: 7/7
  1918 | D:4      | Reached skill level 7 in Axes
  1971 | D:4      | Killed Blork the orc
  2260 | D:4      | Reached * piety under Qazlal
  2275 | D:4      | Noticed Natasha
  2281 | D:4      | Killed Natasha
  2530 | D:4      | Noticed Natasha
  2538 | D:4      | Killed Natasha
  2539 | D:4      | Reached skill level 8 in Axes
  2551 | D:4      | Noticed Natasha
  2563 | D:4      | Killed Natasha
  2564 | D:4      | Reached XP level 8. HP: 44/69 MP: 8/8
  2575 | D:5      | Entered Level 5 of the Dungeon
  2683 | D:5      | Found an ancient bone altar of Kikubaaqudgha.
  2967 | D:5      | Found a staircase to the Ecumenical Temple.
  2977 | Temple   | Entered the Ecumenical Temple
  3427 | D:5      | Found a hide-covered altar of Uskayaw.
  3603 | D:6      | Reached skill level 9 in Axes
  3865 | D:6      | Noticed Sigmund
  3876 | D:6      | Killed Sigmund
  3966 | D:6      | Reached ** piety under Qazlal
  3976 | D:6      | Noticed Duvessa
  3977 | D:6      | Noticed Dowan
  3981 | D:6      | Reached skill level 10 in Axes
  3984 | D:6      | Reached XP level 9. HP: 52/75 MP: 9/9
  3991 | D:6      | Killed Duvessa
  3991 | D:6      | Killed Dowan
  4699 | D:7      | Reached skill level 1 in Throwing
  4804 | D:7      | Killed from afar by an electric eel

Illustrated notes

Levels and vault maps discovered:
D:1:      nagdon_arrival_double_spiral, layout_rooms, serial_shops, shop, shop,
          nicolae_lakefront_shop, shop, shop
D:2:      layout_rooms, basic_altar, supply_closet_lemuel, uniq_jessica
D:3:      layout_loops_cross
D:4:      layout_gridville, serial_rivers, chequers_serial_rivers_small_a,
          chequers_serial_rivers_micro_d, chequers_serial_rivers_small_3,
          chequers_serial_rivers_room_a, chequers_serial_rivers_micro_e,
          chequers_serial_rivers_small_b, uniq_blork_the_orc, uniq_natasha,
          uniq_pikel
D:5:      layout_loops_ring, kiku_gazebo_garden_becter, kennysheep_mini_moat,
          minmay_temple_entry_large_hall
D:6:      layout_cave_pods, minivault_11, uniq_sigmund, uniq_duvessa
D:7:      minmay_clustersquares, layout_basic, tgw_xom, serial_bayou,
          serial_bayou_crossing, serial_bayou_lagoon_a, serial_bayou_lagoon_b,
          serial_bayou_pond_a
Temple:   dshaligram_water_room_temple

Skill      XL: |  1  2  3  4  5  6  7  8  9 |
---------------+----------------------------+-----
Axes           | 3 6 8 10 | 10.8
Fighting       | 4 5 6 |  6.6
Armour         | 4 5 6 7 |  7.9
Dodging        | 1 2 |  2.0
Shields        | 4 |  4.2
Throwing       | 1 |  1.0

Action                     |  1- 3 |  4- 6 |  7- 9 || total
---------------------------+-------+-------+-------++-------
  Melee: War axe           |    56 |    16 |   185 ||   257
  Throw: Boomerang         |       |       |     6 ||     6
 Invoke: Upheaval          |       |       |     1 ||     1
    Use: Potion            |       |     1 |       ||     1
 Armour: Scale mail        |    28 |     3 |    55 ||    86
  Dodge: Dodged            |    23 |     7 |    91 ||   121
  Block: Buckler           |    15 |     6 |    42 ||    63
         Kite shield       |       |       |     6 ||     6
